 Seeded DCSS version 0.30-a0-187-gd9c2deaf24 (webtiles) character file.

Game seed: 9095365819192982192 (custom seed)

2078 Nerdsrcool the Digger (level 9, -7/67 HPs)
             Began as a Green Draconian Earth Elementalist on Oct 3, 2022.
             Was a Follower of Vehumet.
             Mangled by a yak (14 damage)
             ... on level 6 of the Dungeon.
             The game lasted 00:39:33 (6535 turns).

Nerdsrcool the Digger (DrEE)                        Turns: 6535, Time: 00:39:34

Health: -7/67      AC:  9    Str:  8    XL:     9   Next: 6%
Magic:  18/21      EV: 14    Int: 18    God:    Vehumet [*.....]
Gold:   374        SH:  0    Dex: 20    Spells: 20/21 levels left

rFire   . . .      SeeInvis .    t - +2 spear (venom)
rCold   . . .      Faith    .    (no shield)
rNeg    . . .      Spirit   .    (body armour unavailable)
rPois   +          Reflect  .    (helmet restricted)
rElec   .          Harm     .    v - scarf {repulsion}
rCorr   .          Rampage  .    u - +1 pair of gloves
Will    .....                    (no boots)
Stlth   +++.......               (no amulet)
HPRegen 0.31/turn                f - +6 ring of dexterity
MPRegen 0.17/turn                r - ring of wizardry

@: about to teleport, repel missiles
A: breathe noxious fumes, AC +7, unfitting armour, poison resistance,
cold-blooded, high MP 1, weak 1, wild magic 1
a: Breathe Noxious Fumes, Renounce Religion


You were on level 6 of the Dungeon.
You worshipped Vehumet.
Vehumet was aware of your devotion.
You visited 2 branches of the dungeon, and saw 7 of its levels.

You collected 374 gold pieces.

Inventory:

Hand Weapons
 c - a +0 dagger
 d - a +0 dagger
 e - a +1 short sword
 h - a +0 dagger
 l - a +0 falchion
 m - a +0 war axe
 q - a +0 sling
 t - a +2 spear of venom (weapon)
 y - a +2 flail of draining
 I - a +0 trident
 K - a +1 mace
Missiles
 b - 63 stones
 p - 2 boomerangs
 F - 3 silver javelins
Armour
 i - a +0 leather armour
 k - a +1 plate armour
 u - a +1 pair of gloves (worn)
 v - a scarf of repulsion (worn)
Jewellery
 f - a +6 ring of dexterity (left hand)
 o - a +6 ring of dexterity
 r - a ring of wizardry (right hand)
 s - a +4 ring of protection
Wands
 w - a wand of flame (23)
 x - a wand of iceblast (28)
 A - a wand of mindburst (17)
Scrolls
 j - 2 scrolls of magic mapping
Potions
 a - a potion of magic
 g - a potion of haste
 n - a potion of attraction
 B - a potion of cancellation {unknown}


   Skills:
 + Level 2.3 Fighting
 + Level 1.7 Short Blades
 + Level 2.9 Polearms
 + Level 3.5 Dodging
 + Level 3.0 Stealth
 + Level 6.8 Spellcasting
 + Level 1.0 Transmutations
 + Level 7.8 Earth Magic


You had 20 spell levels left.
You knew the following spells:

 Your Spells              Type           Power      Damage    Failure   Level
a - Sandblast             Erth           88%        2d18      1%          1

Your spell library contained the following spells:

 Spells                   Type           Power      Damage    Failure   Level
 Kiss of Death            Conj/Necr      28%        2d7       6%          1
 Passwall                 Tmut/Erth      23%        N/A       1%          2
 Stone Arrow              Conj/Erth      52%        3d10      4%          3
 Sting                    Tmut/Pois      40%        1d5       5%          1
 Poisonous Vapours        Pois/Air       14%        N/A       10%         2
 Petrify                  Tmut/Erth      28%        N/A       11%         4
 Dazzling Flash           Conj/Hex       14%        N/A       17%         3
 Olgreb's Toxic Radiance  Pois           7%         N/A       45%         4
 Agony                    Necr           7%         N/A       78%         5
 Silence                  Hex/Air        3%         N/A       78%         5


Dungeon Overview and Level Annotations

Branches:
Dungeon (6/15)             Temple (1/1) D:4

Altars:
Dithmenos
Elyvilon
Fedhas
Gozag
Hepliaklqana
Kikubaaqudgha
Nemelex Xobeh
Okawaru
Qazlal
Ru
Sif Muna
Trog
Uskayaw
Vehumet
Wu Jian
Xom
Yredelemnul
Zin
The Shining One

Shops:
D:3 :   D:6 ?(

Annotations:
D:6 1 transporter


Innate Abilities, Weirdness & Mutations

You can breathe blasts of noxious fumes.
Your lurid green scales are hard. (AC +7)
You cannot fit into any form of body armour.
Your system is resistant to poisons. (rPois)
You are cold-blooded and may be slowed by cold attacks.
You have an increased reservoir of magic. (+10% MP)
You are weak. (Str -2)
Your spells are a little harder to cast, but a little more powerful.


Message History

The troll barely misses you. The troll claws you.
You are too injured to fight recklessly!
You are too injured to fight recklessly!
You are too injured to fight recklessly!
You closely miss the troll.
Your tail-slap misses the troll.
The troll is almost dead.
The howler monkey closely misses you. The yak barely misses you.
The troll bites you but does no damage. The troll misses you.
The troll completely misses you. The howler monkey hits you.
You hit the troll.
The troll looks as sick as possible!
You tail-slap the troll, but do no damage.
The troll is almost dead.
You kill the troll!
Vehumet accepts your kill.
The troll leather armour is intact enough to wear.
The yak gores you. The iguana closely misses you.
The howler monkey closely misses you.
Your Stealth skill increases to level 3!
You have reached level 9!
Your experience leads to an increase in your attributes!
Your base attributes are Str 10, Int 18, Dex 12.
Increase (S)trength, (I)ntelligence, or (D)exterity?
You feel agile. x2; Your scales feel tougher.
You are too injured to fight recklessly!
Aiming: Sandblast (safe; 1% risk of failure)
Press: ? - help, Q - select action, (/) - cycle Shift-Dir - straight line, f - howler monkey
Aim: a howler monkey (83% to hit)
The blast of sand hits the howler monkey!!
You kill the howler monkey!
Vehumet accepts your kill.
The orc warrior seems to regain its courage.
Cornered, the orc warrior turns to fight!
The iguana bites you. The yak gores you!
* * * LOW HITPOINT WARNING * * *
The iguana bites you!
* * * LOW HITPOINT WARNING * * *
The yak barely misses you.
As you read the scroll of teleportation, it crumbles to dust.
You feel strangely unstable. The iguana barely misses you. The yak gores you!
You die...

....###'########.......##....##..
...............#.......#.....#...
.......................#.....###'
....##'#..#########....########.[
....#....##...©...##.####....##).
....#....#8.#o..#.8#..........)..
#####....#.(.#.#...#.........####
.........#.)....†..#..######)#...
.....#..©#_$....@..#©..###.......
.....#...#."...lY[.#.....#.......
.....#...#$(.#.#...#..#..#.......
###+##...#8.#...#.8#.##'##.......
....##...##..?....##..........###
.....+..[.#########...........#..
#...##........................'..
#...##.....#..................#..
#.<.##.....####+##....#####'###..


You could see a yak, an orc warrior and an iguana.

Vanquished Creatures
  A troll (D:6)
  Edmund (D:4)
  Menkaure (D:4)
  2 water moccasins (D:6)
  A black bear (D:6)
  An orc warrior (D:6)
  A centaur (D:6)
  2 bullfrogs (D:6)
  4 scorpions
  4 wights (D:6)
  A howler monkey (D:6)
  2 orc priests
  3 hounds
  2 iguanas
  Natasha (twice) (D:2)
  An orc wizard (D:5)
  A statue (D:4)
  6 gnolls
  10 adders
  2 shadow imps
  3 ufetubi
  A worm (D:2)
  4 dart slugs
  10 orcs
  3 bats
  2 endoplasms (D:2)
  A giant cockroach (D:3)
  8 hobgoblins
  4 jackals (D:5)
  3 kobolds
  7 quokkas
  6 ball pythons
  2 frilled lizards
  5 goblins
  6 rats
113 creatures vanquished.

Notes
Turn   | Place    | Note
-------+----------+-------------------------------------------
     0 | D:1      | Nerdsrcool the Draconian Earth Elementalist began the quest
                  | for the Orb.
     0 | D:1      | Reached XP level 1. HP: 14/14 MP: 3/3
   339 | D:1      | Found a faded altar of an unknown god.
   350 | D:1      | Prayed at the altar of an unknown god.
   350 | D:1      | Became a worshipper of Elyvilon the Healer
   350 | D:1      | Reached * piety under Elyvilon
   499 | D:1      | Reached XP level 2. HP: 20/20 MP: 3/5
  1215 | D:2      | Found a stormy altar of Qazlal.
  1228 | D:2      | Reached XP level 3. HP: 13/26 MP: 0/7
  1670 | D:2      | Reached ** piety under Elyvilon
  1700 | D:2      | Noticed Natasha
  1704 | D:2      | Killed Natasha
  1705 | D:2      | Reached skill level 4 in Earth Magic
  1705 | D:2      | Reached XP level 4. HP: 33/33 MP: 5/8
  1890 | D:2      | Noticed Natasha
  1896 | D:2      | Killed Natasha
  1897 | D:2      | Reached skill level 1 in Short Blades
  2157 | D:3      | Found Ineudas's Vocational Training.
  2404 | D:3      | Reached XP level 5. HP: 39/39 MP: 3/9
  2847 | D:4      | Noticed Menkaure
  2854 | D:4      | Killed Menkaure
  2855 | D:4      | Reached XP level 6. HP: 18/46 MP: 5/11
  2994 | D:4      | Reached skill level 5 in Earth Magic
  3187 | D:4      | Reached *** piety under Elyvilon
  3241 | D:4      | Found a bloodstained altar of Trog.
  3286 | D:4      | Noticed Edmund
  3295 | D:4      | Killed Edmund
  3296 | D:4      | Reached skill level 1 in Fighting
  3468 | D:4      | Your scales start taking on a lurid green colour.
  3468 | D:4      | Reached XP level 7. HP: 39/52 MP: 13/13
  3468 | D:4      | Gained mutation: Your system is resistant to poisons.
                  | (rPois) [Green Draconian growth]
  3737 | D:4      | Reached skill level 1 in Polearms
  3852 | D:4      | Found a radiant altar of Vehumet.
  3887 | D:4      | Fell from the grace of Elyvilon
  3887 | D:4      | Became a worshipper of Vehumet
  4124 | D:4      | Found a staircase to the Ecumenical Temple.
  4216 | Temple   | Entered the Ecumenical Temple
  4433 | D:5      | Entered Level 5 of the Dungeon
  4804 | D:5      | Reached skill level 6 in Earth Magic
  4948 | D:5      | Reached skill level 5 in Spellcasting
  5302 | D:6      | Noticed a yak
  5308 | D:6      | Noticed a troll
  5309 | D:6      | Found a shimmering blue altar of Sif Muna.
  5313 | D:6      | Found a transporter.
  5373 | D:6      | Found Jiczodud's Weapon Shop.
  5448 | D:6      | Found a transporter.
  5466 | D:6      | Reached XP level 8. HP: 59/59 MP: 14/16
  5683 | D:6      | Reached skill level 7 in Earth Magic
  5729 | D:6      | Reached * piety under Vehumet
  5729 | D:6      | Offered knowledge of Kiss of Death by Vehumet.
  5759 | D:6      | Gained mutation: Your flesh is cold resistant. (rC+)
                  | [potion of mutation]
  5759 | D:6      | Gained mutation: Your tail ends in a venomous barb. [potion
                  | of mutation]
  5855 | D:6      | Lost mutation: Your flesh is cold resistant. (rC+) [potion
                  | of mutation]
  5855 | D:6      | Lost mutation: Your tail ends in a venomous barb. [potion
                  | of mutation]
  5855 | D:6      | Gained mutation: You have an increased reservoir of magic.
                  | (+10% MP) [potion of mutation]
  5855 | D:6      | Gained mutation: You are weak. (Str -2) [potion of
                  | mutation]
  5855 | D:6      | Gained mutation: Your spells are a little harder to cast,
                  | but a little more powerful. [potion of mutation]
  6238 | D:6      | Found Filamuac's Magic Scroll Shoppe.
  6533 | D:6      | Killed a troll
  6534 | D:6      | Reached XP level 9. HP: 28/67 MP: 18/21
  6535 | D:6      | Mangled by a yak

Illustrated notes

Levels and vault maps discovered:
D:1:      tarquinn_simple_flora_water_e, layout_basic, basic_ecumenical_altar,
          minmay_tree_intersection, skrybe_limestone_x
D:2:      layout_loops_ring, basic_altar, uniq_natasha
D:3:      layout_basic, nicolae_shop_vocational
D:4:      layout_basic, vehumet_statue, mainiacjoe_overflow_tiny_flanked,
          lemuel_temple_firewalk_b, kennysheep_small_circle, uniq_edmund,
          uniq_menkaure
D:5:      layout_basic
D:6:      layout_gridville, gammafunk_temple_overflow_arena, serial_shops, shop,
          nicolae_shop_competitors_out_of_business
Temple:   lightli_temple_of_artemis

Skill      XL: |  1  2  3  4  5  6  7  8 |
---------------+-------------------------+-----
Stealth        | 2 3 |  3.0
Dodging        | 2 3 |  3.5
Spellcasting   | 3 4 5 6 |  6.8
Earth Magic    | 4 5 6 7 |  7.8
Short Blades   | 1 |  1.7
Fighting       | 1 2 |  2.3
Polearms       | 1 2 |  2.9
Transmutations | |  1.0

Action                   |  1- 3 |  4- 6 |  7- 9 || total
-------------------------+-------+-------+-------++-------
Melee: Dagger            |    18 |       |       ||    18
       Short sword       |     8 |    10 |       ||    18
       Tailslap          |     2 |     8 |     8 ||    18
       Punch             |     1 |       |     2 ||     3
       Spear             |       |    41 |    71 ||   112
 Cast: Sandblast         |    36 |    49 |    79 ||   164
 Abil: Breathe Noxious F |       |       |     3 ||     3
Evoke: Wand              |       |     1 |       ||     1
  Use: Scroll            |     2 |     3 |     9 ||    14
       Potion            |     1 |       |     9 ||    10
 Stab: Sleeping          |       |       |     1 ||     1
Armor: Skin              |    10 |    19 |    39 ||    68
Dodge: Dodged            |    23 |    33 |   106 ||   162
       Repelled          |       |       |     3 ||     3

Table legend: (Time is in decaauts)
 A = Elapsed time spent in this place.
 B = Non-inter-level travel time spent in this place.
 C = Inter-level travel time spent in this place.
 D = Time resting spent in this place.
 E = Time spent auto-exploring this place.
 F = Levels seen in this place.
 G = Mean time per level.
                   A        B        C        D        E       F      G
               +--------+--------+--------+--------+--------+-----+--------+
         Total |   6606 |   6408 |    198 |    476 |   4413 |   7 |  943.7 |
       Dungeon |   6491 |   6293 |    198 |    476 |   4328 |   6 | 1081.8 |
        Temple |    114 |    114 |      0 |      0 |     85 |   1 |  114.0 |
               +--------+--------+--------+--------+--------+-----+--------+

Top non-repeatable levels by time:
     D:4: 1554 daAuts
     D:6: 1293 daAuts
     D:1: 1047 daAuts
     D:2: 1006 daAuts
     D:5: 850 daAuts
     D:3: 739 daAuts
  Temple: 114 daAuts
